 Dungeon Crawl Stone Soup version 0.27-a0-1202-ge72e49191c (webtiles) character file.

Game seed: 11890168131207221068

12551 Azzok the Severer (level 11, -13/75 HPs)
             Began as a Demonspawn Berserker on June 4, 2021.
             Was a High Priest of Trog.
             Mangled by Erolcha
             ... wielding a +0 giant spiked club
              (20 damage)
             ... on level 10 of the Dungeon.
             The game lasted 00:17:49 (16050 turns).

Azzok the Severer (Demonspawn Berserker)           Turns: 16050, Time: 00:17:49

Health: -13/75     AC: 14    Str: 21    XL:     11   Next: 63%
Magic:  0/11       EV: 14    Int:  8    God:    Trog [*****.]
Gold:   703        SH:  0    Dex: 13    Spells: 10/10 levels left

rFire    . . .     SeeInvis .   f - +0 war axe
rCold    + . .     Faith    .   (no shield)
rNeg     . . .     Spirit   +   i - +0 plate armour
rPois    .         Reflect  .   (no helmet)
rElec    .         Harm     .   D - +0 cloak
rCorr    .         Rampage  .   m - +0 pair of gloves
Will     +....                  y - +0 pair of boots
Stlth    ..........             z - amulet of guardian spirit
HPRegen  0.22/turn              h - ring of protection from cold
MPRegen  0.12/turn              M - ring of willpower

@: agile, on berserk cooldown, slowed, very slow
A: claws 2, repulsion field 2, powered by death 1, powered by pain 3
a: Renounce Religion, Berserk, Trog's Hand, Brothers in Arms


You were on level 10 of the Dungeon.
You worshipped Trog.
Trog was extremely pleased with you.
You visited 1 branch of the dungeon, and saw 10 of its levels.
You also visited: Ossuary.

You collected 703 gold pieces.

Inventory:

Hand Weapons
 a - a +0 hand axe
 f - a +0 war axe (weapon)
 A - a +2 scimitar of electrocution
 H - a +2 spear of flaming
 O - a +5 battleaxe
Missiles
 b - a curare-tipped dart
 p - 2 throwing nets
Armour
 i - a +0 plate armour (worn)
 m - a +0 pair of gloves (worn)
 y - a +0 pair of boots (worn)
 D - a +0 cloak (worn)
 I - a +0 buckler
Jewellery
 h - a ring of protection from cold (left hand)
 z - an amulet of guardian spirit (around neck)
 M - a ring of willpower (right hand)
 N - an amulet of the acrobat
Wands
 q - a wand of flame (56)
 C - a wand of iceblast (13)
 F - a wand of mindburst (14)
Scrolls
 c - 7 scrolls of magic mapping
 e - 7 scrolls of enchant weapon
 g - 4 scrolls of fog {unknown}
 n - a scroll of noise {unknown}
 o - 2 scrolls of holy word {unknown}
 r - a scroll of enchant armour {unknown}
 v - 5 scrolls of amnesia {unknown}
 w - 2 scrolls of torment {unknown}
 x - a scroll of immolation
 B - 2 scrolls of acquirement {unknown}
 E - 5 scrolls of identify
 J - 3 scrolls of blinking {unknown}
 K - a scroll of teleportation {unknown}
Potions
 j - a potion of mutation {!q}
 k - 3 potions of curing
 l - a potion of haste
 s - 3 potions of magic
 t - 3 potions of lignification
 u - 2 potions of attraction
 L - a potion of flight {unknown}


   Skills:
 - Level 3.0 Fighting
 + Level 15.9 Axes
 - Level 1.7 Armour
 - Level 1.7 Dodging
 - Level 4.0 Shields


You had 10 spell levels left.
You didn't know any spells.
Your spell library was empty.

Dungeon Overview and Level Annotations

Branches:
Dungeon (10/15)            Temple (0/1) D:7            Lair (0/6) D:9
    Orc (0/2) D:10        Ossuary (visited)

Altars:
Ashenzari
Cheibriados
Elyvilon
Hepliaklqana
Kikubaaqudgha
Nemelex Xobeh
Trog
Vehumet
Wu Jian
Xom
Yredelemnul

Shops:
D:1 *   D:4 =

Annotations:
D:6 1 runed translucent door, funkygono's ghost, novice GrFE
D:10 exclusion: orange crystal statue, Erolcha


Innate Abilities, Weirdness & Mutations

You have very sharp fingernails.
You are surrounded by a moderate repulsion field. (EV +3)
You regenerate a little health from kills.
You are powered by pain.


Message History

No target in view!
No target in view!
You feel a strong urge to attack something.
Something hits you!
You focus on the pain.
You feel agile all of a sudden.
You miss something. You barely miss something. Something hits you!
You closely miss something. You slash something! Something hits you.
You slice something!! You closely miss something.
You are no longer berserk.
You are exhausted.
You feel yourself slow down. Something hits you.
You miss something. Something barely misses you.
You miss something. Something hits you!
You focus on the pain.
You feel your power returning.
Your plate armour prevents you from hitting something.
Something barely misses you.
You slash something! Something barely misses you.
You hit something. Something hits you!
You barely miss something. Something hits you!
* * * LOW HITPOINT WARNING * * *
You are confused.
You feel invigorated.
You feel the effects of Trog's Hand fading.
Something barely misses you. Something hits you but does no damage.
You hit something but do no damage. Something barely misses you.
You feel less invigorated.
You feel less confused. Something hits you!!
* * * LOW HITPOINT WARNING * * *
Your skin stops crawling.
You feel less strong-willed. Something hits you.
* * * LOW HITPOINT WARNING * * *
Something hits you!
* * * LOW MAGIC WARNING * * *;
* * * LOW HITPOINT WARNING * * *
You barely miss something. Something hits you!!
* * * LOW MAGIC WARNING * * *
You die...

···▒▒▒▒··▒ ▒▒·▒▒▒····▒▒··▒ ···▒
▒▒·▒ ▒·▒▒·▒▒▒▒·▒··> ···▒ ▒·▒
▒▒··▒▒ ▒·▒▒·▒ ···▒▒▒▒▒'▒▒▒ ▒▒▒▒
▒▒·▒▒·▒ ···▒▒······▒ ▒▒▒▒ ▒·▒▒▒·▒
···▒▒······▒ ▒▒··▒▒ ▒▒··▒▒·▒
···▒▒······▒ ▒▒····▒▒ ▒▒>···▒·▒
···········▒▒▒···{··▒▒▒▒▒·····▒·▒
·····▒▒▒▒'▒▒▒}··@··▒··▒▒·····▒▒··
·····▒ ▒··▒▒▒▒···▒▒▒▒·'·▒·▒▒▒··▒
·····▒ ▒▒·▒▒ ▒▒·▒▒ ▒▒▒▒▒▒▒▒··▒▒
·····▒ ▒··▒ ▒·· ▒▒···▒▒ ·····▒
▒▒·▒▒ ▒▒· ▒▒··▒▒▒ ··†··▒ ▒··▒ ▒▒
▒··▒▒ ▒▒·▒▒▒ ▒▒·▒▒ ▒▒·▒▒ ▒·▒ ▒··▒
▒··▒ ▒·▒ ▒▒·▒▒ ▒·▒▒


There were no monsters in sight!

Vanquished Creatures
  A manticore (D:6)
  An unseen horror (D:10)
  2 kobold demonologists (D:6)
  A hornet (D:7)
  2 trolls (D:10)
  18 yaks
  2 wraiths
  A steam dragon (D:8)
  An acid dragon (D:10)
  14 two-headed ogre zombies (D:10)
  5 water moccasins
  A hornet zombie (D:7)
  5 orc warriors
  2 ice beasts
  A sky beast (D:8)
  2 black bears
  6 necrophages
  3 ogres
  4 centaurs
  3 kobold brigands (D:6)
  2 bullfrogs (D:9)
  2 gnoll sergeants
  A wyvern zombie (D:8)
  3 scorpions
  3 killer bees (D:9)
  3 vampire bats (D:6)
  9 wights
  2 jellies
  3 bullfrog zombies
  8 centaur zombies
  3 hounds
  A gnoll shaman (D:5)
  A human zombie (D:5)
  6 orc priests
  A scorpion zombie (D:5)
  An iguana (D:5)
  18 mummies
  9 orc wizards
  2 killer bee zombies
  3 hound zombies
  20 gnolls
  3 howler monkey zombies
  6 adders
  2 shadow imps
  A white imp (D:8)
  An ufetubus (D:5)
  An adder skeleton (D:4)
  3 adder zombies
  2 worms
  3 dart slugs
  50 orcs
  5 bat skeletons (D:6)
  4 endoplasms
  4 giant cockroaches
  7 goblins
  6 hobgoblins
  6 jackals
  2 quokkas
  4 ball pythons
  3 bats
  4 frilled lizards
  A jackal skeleton (D:3)
  A jackal zombie (D:3)
  6 kobolds
  8 rats
  A spectral orc (D:4)
310 creatures vanquished.

Vanquished Creatures (others)
  A quokka (D:9)
  46 fungi (D:9)
  52 plants (D:9)
  13 withered plants (Ossuary)
112 creatures vanquished.

Grand Total: 422 creatures vanquished

Notes
Turn   | Place    | Note
-------+----------+-------------------------------------------
     0 | D:1      | Azzok the Demonspawn Berserker began the quest for the Orb.
     0 | D:1      | Reached XP level 1. HP: 18/18 MP: 1/1
   202 | D:1      | Reached skill level 3 in Axes
   514 | D:1      | Gained mutation: You sometimes gain a little power by
                  | taking damage. [demonic ancestry]
   514 | D:1      | Reached XP level 2. HP: 20/24 MP: 2/2
   585 | D:1      | Found a faded altar of an unknown god.
   702 | D:1      | Reached ** piety under Trog
   836 | D:1      | Found Weqell's Assorted Antiques.
   975 | D:1      | Reached XP level 3. HP: 29/29 MP: 3/3
  1291 | D:2      | Reached skill level 4 in Axes
  2277 | D:3      | Found a broken altar of Ashenzari.
  2300 | D:3      | Gained mutation: You have sharp fingernails. [demonic
                  | ancestry]
  2300 | D:3      | Reached XP level 4. HP: 28/35 MP: 4/4
  2593 | D:3      | Reached skill level 5 in Axes
  2797 | D:3      | Gained mutation: You have very sharp fingernails. [demonic
                  | ancestry]
  2797 | D:3      | Reached XP level 5. HP: 30/41 MP: 5/5
  3637 | D:4      | Found a sand-covered staircase.
  3645 | Ossuary  | Entered an ossuary
  3664 | Ossuary  | Reached skill level 6 in Axes
  3678 | Ossuary  | Reached *** piety under Trog
  3679 | Ossuary  | Reached XP level 6. HP: 6/47 MP: 6/6
  4203 | Ossuary  | Reached skill level 7 in Axes
  4387 | Ossuary  | Gained mutation: You are surrounded by a mild repulsion
                  | field. (EV +2) [demonic ancestry]
  4387 | Ossuary  | Reached XP level 7. HP: 24/52 MP: 7/7
  5088 | D:4      | Reached skill level 8 in Axes
  5392 | D:4      | Found Waihuato's Jewellery Shop.
  5503 | D:4      | Found a hazy altar of Hepliaklqana.
  5551 | D:4      | Found a snail-covered altar of Cheibriados.
  5666 | D:4      | Found a sparkling altar of Nemelex Xobeh.
  5910 | D:5      | Entered Level 5 of the Dungeon
  6006 | D:5      | Reached **** piety under Trog
  6063 | D:5      | Reached skill level 9 in Axes
  6063 | D:5      | Gained mutation: You sometimes gain power by taking damage.
                  | [demonic ancestry]
  6063 | D:5      | Reached XP level 8. HP: 30/58 MP: 8/8
  6672 | D:5      | Found a basalt altar of Yredelemnul.
  6719 | D:5      | Reached skill level 10 in Axes
  7034 | D:5      | Found an ornate altar of the Wu Jian Council.
  7165 | D:5      | Found a radiant altar of Vehumet.
  7435 | D:4      | Reached skill level 11 in Axes
  7435 | D:4      | Gained mutation: You are powered by pain. [demonic
                  | ancestry]
  7435 | D:4      | Reached XP level 9. HP: 28/63 MP: 9/9
  8404 | D:6      | Noticed a kobold demonologist
  8404 | D:6      | Noticed a kobold demonologist
  8488 | D:6      | Killed a kobold demonologist
  8493 | D:6      | Noticed a smoke demon
  8500 | D:6      | Noticed an ice devil
  8501 | D:6      | Noticed a hellwing
  8507 | D:6      | Noticed a red devil
  8509 | D:6      | Killed a kobold demonologist
  8510 | D:6      | Reached skill level 12 in Axes
  8691 | D:6      | Found a runed translucent door.
  8693 | D:6      | Noticed funkygono's ghost (novice GrFE)
  9009 | D:6      | Found a bloodstained altar of Trog.
  9181 | D:6      | Found an ancient bone altar of Kikubaaqudgha.
  9228 | D:6      | Noticed a manticore
  9239 | D:6      | Killed a manticore
  9239 | D:6      | Reached ***** piety under Trog
  9240 | D:6      | Reached skill level 13 in Axes
  9759 | D:7      | Gained mutation: You are surrounded by a moderate repulsion
                  | field. (EV +3) [demonic ancestry]
  9759 | D:7      | Reached XP level 10. HP: 70/70 MP: 10/10
 10274 | D:7      | Found a staircase to the Ecumenical Temple.
 10715 | D:8      | Reached skill level 14 in Axes
 11254 | D:8      | Reached skill level 1 in Shields
 12422 | D:9      | Found a staircase to the Lair.
 12963 | D:9      | Gained mutation: You regenerate a little health from kills.
                  | [demonic ancestry]
 12963 | D:9      | Reached XP level 11. HP: 73/75 MP: 11/11
 13111 | D:10     | Entered Level 10 of the Dungeon
 13118 | D:10     | Noticed an orange crystal statue
 13264 | D:10     | Received a gift from Trog
 13657 | D:10     | Found a staircase to the Orcish Mines.
 14174 | D:10     | Reached skill level 15 in Axes
 14302 | D:10     | Found a shimmering altar of Xom.
 16013 | D:10     | Noticed Erolcha
 16050 | D:10     | Mangled by Erolcha

Illustrated notes

Levels and vault maps discovered:
D:1:      dpeg_arrival_windows_large_door, layout_loops_ring, serial_shops,
          nicolae_shop_behind_doors, hellmonk_ecumenical_altar_blasted,
          nrook_mini_backslash, minmay_surrounded
D:2:      layout_loops_cross, kennysheep_generic_room_13
D:3:      layout_basic, lemuel_tele_altar, serial_undead, serial_undead_c,
          serial_undead_d, serial_undead_b, serial_undead_e,
          hangedman_decor_peaks_small
D:4:      layout_gridville, nicolae_hepliaklqana_monster_ancestors,
          nicolae_overflow_hidden_temple, nemelex_xobeh_ov_fountains_minmay,
          nicolae_ossuary_entry_plus, serial_shops, shop
D:5:      layout_gridville, lemuel_mausoleum_altar_yredelemnul,
          marbit_many_paths, kennysheep_little_box
D:6:      layout_rooms, overflow_temple_1_default, kennysheep_vampire_church,
          ebering_ghost_sewer_d, due_unseen_surprise
D:7:      layout_rooms, minmay_temple_entry_nine_rooms
D:8:      layout_cave_pods
D:9:      layout_loops_ring, elyvilon_altar_4, due_lair_maze_entry_diamond
D:10:     lemuel_ogre_cave, layout_basic, general_overflow_altar,
          grunt_dithmenos_smoke_and_mirrors, hiddenorc2_lemuel, minmay_holes,
          minivault_16

Skill      XL: |  1  2  3  4  5  6  7  8  9 10 11 |
---------------+----------------------------------+-----
Axes           | 3 4 5 6 7 9 11 13 14 15 | 15.9
Shields        | 3 4 |  4.0
Fighting       | |  3.0
Armour         | |  1.7
Dodging        | |  1.7

Action                   |  1- 3 |  4- 6 |  7- 9 | 10-12 || total
-------------------------+-------+-------+-------+-------++-------
Melee: Hand axe          |   126 |   173 |    84 |       ||   383
       War axe           |       |       |   150 |   243 ||   393
       Scimitar          |       |       |   150 |   312 ||   462
       Spear             |       |       |       |    44 ||    44
       Battleaxe         |       |       |       |    14 ||    14
Invok: Berserk           |     3 |     4 |    11 |    13 ||    31
       Trog's Hand       |       |       |     1 |     2 ||     3
  Use: Scroll            |       |       |    12 |       ||    12
       Potion            |       |       |     4 |     4 ||     8
Armor: Ring mail         |     9 |       |       |       ||     9
       Animal skin       |     3 |       |       |       ||     3
       Chain mail        |    23 |       |       |       ||    23
       Plate armour      |    44 |    97 |   322 |   350 ||   813
Dodge: Dodged            |    55 |    38 |   161 |   247 ||   501
       Rpst.: Scimitar   |       |       |    19 |    34 ||    53

Table legend: (Time is in decaauts)
 A = Elapsed time spent in this place.
 B = Non-inter-level travel time spent in this place.
 C = Inter-level travel time spent in this place.
 D = Time resting spent in this place.
 E = Time spent auto-exploring this place.
 F = Levels seen in this place.
 G = Mean time per level.
                   A        B        C        D        E       F      G
               +--------+--------+--------+--------+--------+-----+--------+
         Total |  16470 |  16174 |    296 |   1945 |  11499 |  11 | 1497.3 |
       Dungeon |  14996 |  14700 |    296 |   1724 |  10499 |  10 | 1499.6 |
       Ossuary |   1473 |   1473 |      0 |    221 |   1000 |   1 | 1473.0 |
               +--------+--------+--------+--------+--------+-----+--------+

Top non-repeatable levels by time:
    D:10: 2470 daAuts
     D:5: 2349 daAuts
     D:9: 1872 daAuts
 Ossuary: 1473 daAuts
     D:3: 1316 daAuts
     D:1: 1301 daAuts
     D:8: 1291 daAuts
     D:6: 1290 daAuts
     D:4: 1286 daAuts
     D:7: 934 daAuts
     D:2: 883 daAuts
